 Dungeon Crawl Stone Soup version 0.32-a0-928-g1cae6b7ea0 (webtiles) character file.

Game seed: 16527871358368939292

148330 Ofeo the Warrior (level 17, -8/127 (156) HPs)
             Began as a Coglin Artificer on Apr 13, 2024.
             Was the Champion of Wu Jian.
             Mangled by a merfolk
             ... wielding a +1 glaive of draining
              (10 damage)
             ... on level 2 of the Shoals.
             The game lasted 00:59:22 (32076 turns).

Ofeo the Warrior (Coglin Artificer)                Turns: 32076, Time: 00:59:22

HP:   -8/127 (156)  AC: 24    Str: 13    XL:     17   Next: 48%
MP:   17/17         EV: 13    Int: 11    God:    Wu Jian [******]
Gold: 3024          SH:  0    Dex: 25    Spells: 16/16 levels left

rFire   + + +        p - +8 Vampire's Tooth {megavamp}
rCold   . . .        X - +7 rapier (freeze) {Hugo}
rNeg    . . .        f - +7 fire dragon scales
rPois   .            w - +0 helmet
rElec   +            T - scarf {rC+ rF+}
rCorr   .            V - +0 pair of fencer's gloves {Riposte Dex+3}
SInv    .            D - +2 pair of boots
Will    ++...        (amulet unavailable)
Stlth   +            (ring unavailable)
HPRegen 0.41/turn    (ring unavailable)
MPRegen 0.15/turn    N - thermosamoflange NW-40 {Rampage Acrobat rElec Slay+3}

%: acrobat, rampage
@: enlightened, flying, heavily drained, revved
A: off-hand wielding, slow wielding, warmup strikes, no jewellery
a: Renounce Religion, Wall Jump, Serpent's Lash, Heavenly Storm


You were on level 2 of the Shoals.
You worshipped Wu Jian.
Wu Jian was exalted by your worship.
You visited 5 branches of the dungeon, and saw 25 of its levels.
You also visited: Volcano.

You collected 3502 gold pieces.
You spent 478 gold pieces at shops.

Inventory:

Hand Weapons
 j - the +8 rapier of Dismay {heavy, Str+2 Dex+4}
   (You bought it in a shop on level 2 of the Orcish Mines)

   Str+2:     It affects your strength (+2).
   Dex+4:     It affects your dexterity (+4).
 p - the +8 Vampire's Tooth (weapon) {megavamp}
   (You acquired it on level 9 of the Dungeon)
 v - a +2 dagger of speed {Else}
 X - a +7 rapier of freezing (offhand) {Hugo}
 Y - a +1 quick blade of flaming
Missiles
 o - 5 curare-tipped darts (quivered)
 G - 2 throwing nets
Armour
 f - +7 fire dragon scales (worn)
 u - +0 swamp dragon scales
 w - a +0 helmet (worn)
 A - a +2 cloak of preservation
 D - a +2 pair of boots (worn)
 M - +0 ice dragon scales
 T - a scarf of resistance (worn)
 V - the +0 pair of fencer's gloves (worn) {Riposte Dex+3}
   (You found it on level 13 of the Dungeon)

   Riposte:   It allows the wearer to riposte with melee weapons, swiftly
   retaliating against missed or blocked melee attacks.
   Dex+3:     It affects your dexterity (+3).
Gizmo
 N - a thermosamoflange NW-40 (installed) {Rampage Acrobat rElec Slay+3}
   (You invented it yourself on level 4 of the Lair of Beasts)

   [thermosamoflange NW-40]

   Slay+3:    It affects your accuracy & damage with ranged weapons and melee
   (+3).
   rElec:     It insulates you from electricity.
   Rampage:   It bestows one free step when moving towards enemies.
   Acrobat:   It increases your evasion after moving or waiting.
Wands
 c - a wand of flame (90)
 d - a wand of charming (11)
 z - a wand of acid (14) {@v2}
 C - a wand of iceblast (1) {@v4}
 H - a wand of warping (18)
 Q - a wand of paralysis (13)
Scrolls
 b - 4 scrolls of amnesia
 g - 4 scrolls of teleportation {@r3}
 i - a scroll of identify {@r1}
 l - 2 scrolls of summoning
 t - 2 scrolls of immolation
 B - 3 scrolls of revelation
 E - 5 scrolls of blinking {@r4}
 J - a scroll of torment
 K - 2 scrolls of fear
 L - 3 scrolls of enchant weapon
 P - a scroll of fog
 S - 3 scrolls of poison
 W - 2 scrolls of vulnerability
Potions
 a - 5 potions of magic
 e - a potion of enlightenment
 h - 2 potions of heal wounds {@q2}
 k - a potion of lignification
 m - 3 potions of might {@q4}
 n - 6 potions of mutation
 q - 5 potions of curing {@q1}
 r - 4 potions of resistance {@q6}
 s - 3 potions of haste {@q3}
 y - 3 potions of brilliance
 F - 2 potions of attraction
 I - a potion of invisibility
 R - 2 potions of berserk rage
 U - a potion of cancellation {unknown}
Miscellaneous
 x - a phantom mirror


   Skills:
 - Level 20.5 Fighting
 - Level 11.5(14.0) Short Blades
 - Level 14.0(15.8) Long Blades
 + Level 8.5 Armour
 + Level 8.3 Dodging
 - Level 1.7 Stealth
 - Level 10.0 Evocations


You had 16 spell levels left.
You didn't know any spells.
Your spell library contained the following spells:

 Spells                   Type           Power      Damage    Failure   Level
 Apportation              Tloc           0%         N/A       86%         1
 Magic Dart               Conj           0%         1d3       86%         1
 Shock                    Conj/Air       0%         1d3       86%         1
 Sting                    Conj/Alch      0%         1d3       86%         1
 Blink                    Tloc           0%         N/A       95%         2
 Call Imp                 Summ           0%         N/A       95%         2
 Jinxbite                 Hex            0%         N/A       95%         2
 Lesser Beckoning         Tloc           0%         N/A       95%         2
 Mercury Vapours          Alch/Air       0%         N/A       95%         2
 Momentum Strike          Conj/Tloc      0%         3d8       95%         2
 Searing Ray              Conj           0%         2d4       95%         2
 Inner Flame              Hex/Fire       0%         N/A       99%         3
 Maxwell's Portable Pile  Tloc           0%         2d(5-13)  99%         3
 Swiftness                Air            0%         N/A       99%         3
 Teleport Other           Tloc           0%         N/A       99%         3
 Tukima's Dance           Hex            0%         N/A       99%         3
 Airstrike                Air            0%         2d(0-16)  100%        4
 Dimensional Bullseye     Hex/Tloc       0%         N/A       100%        4
 Flame Wave               Conj/Fire      0%         2d4       100%        4
 Fulminant Prism          Conj/Alch      0%         3d5       100%        4
 Iskenderun's Mystic Bla Conj/Tloc 0%             2d3        (+2d1     100%        4
 Olgreb's Toxic Radiance  Alch           0%         N/A       100%        4
 Sticky Flame             Fire/Alch      0%         2d4       100%        4
 Alistair's Intoxication  Alch           0%         N/A       100%        5
 Arcjolt                  Conj/Air       0%         1d10      100%        5
 Dispersal                Tloc           0%         N/A       100%        6
 Gell's Gavotte           Tloc           0%         2d(11-16) 100%        6
 Maxwell's Capacitive Co  Air            0%         ∞         100%        8


Dungeon Overview and Level Annotations

Branches:
Dungeon (15/15)            Temple (1/1) D:7            Lair (5/5) D:8
 Shoals (2/4) Lair:3        Snake (0/4) Lair:3        Slime (0/5) Lair:5
    Orc (2/2) D:9             Elf (0/3) Orc:2        Vaults (0/5) D:14
 Depths (0/4) D:15        Volcano (visited)

Altars:
Ashenzari
Cheibriados
Dithmenos
Elyvilon
Fedhas
Gozag
Hepliaklqana
Kikubaaqudgha
Makhleb
Nemelex Xobeh
Okawaru
Qazlal
Ru
Sif Muna
Trog
Uskayaw
Vehumet
Wu Jian
Xom
Yredelemnul
Zin
The Shining One
Beogh
Jiyva

Shops:
D:2 :   Orc:2 *[(

Annotations:
D:2 2 transporters
D:15 ragingrage's ghost, adept NaGl
Shoals:2 1 transporter, jasper's ghost, adept MDFi


Innate Abilities, Weirdness & Mutations

You can wield a second weapon in your off-hand.
It takes a long time for you to wield or remove held weapons.
Your first few attacks do less damage.
You cannot equip rings or amulets.


Message History

A tentacle rises from the water!
The tentacle slaps you.
You feel drained. The tentacle slaps you. The spectral kraken bites you!
The spectral snapping turtle bites you but does no damage.
The merfolk hits you from afar with a +1 glaive of draining.
You feel drained.
The spectral snapping turtle bites you but does no damage.
A tentacle comes into view.
You take 28 damage, and have 95/148 hp.
You tear a large gash into the net.
The tentacle slaps you.
You feel drained.
The tentacle slaps you but does no damage. x2
The merfolk hits you but does no damage.
You feel drained. The spectral kraken bites you!
You feel drained.
The tentacle slaps you but does no damage.
The tentacle barely misses you.
The merfolk hits you from afar with a +1 glaive of draining!
You feel drained.
You take 33 damage, and have 62/138 hp.
MASSIVE DAMAGE!!
You shred the net and break free!
The tentacle slaps you but does no damage.
The spectral kraken bites you.
The tentacle slaps you but does no damage. x2
The tentacle barely misses you.
The spectral snapping turtle bites you but does no damage.
The merfolk hits you from afar with a +1 glaive of draining!!
* * * LOW HITPOINT WARNING * * *
You feel drained.
* * * LOW HITPOINT WARNING * * *
The spectral snapping turtle closely misses you.
You riposte.
You hit the spectral snapping turtle with the +8 Vampire's Tooth.
You hit the spectral snapping turtle but do no damage.
The spectral snapping turtle is lightly damaged.
You puncture the spectral snapping turtle with your +7 rapier of freezing!
You freeze the spectral snapping turtle.
The tentacle slaps you!
* * * LOW HITPOINT WARNING * * *
The merfolk hits you from afar with a +1 glaive of draining!!
* * * LOW HITPOINT WARNING * * *
You feel drained.
You die...

~~~~~~~....~~~≈≈≈≈≈≈≈≈≈≈≈~~~~~~≈≈
.~~.~~......~~~~≈≈≈≈≈≈≈≈~~~~~≈≈≈≈
.....~......~~~~~~~~÷~~~≈≈~~~~≈≈≈
..~~.........~~~~)~~~~~~≈≈≈~~~≈≈≈
#.~~~....[.~~~~~~~~~~~~~~~~~~~≈≈≈
..~~~~....~~###########~~~~~~~≈≈≈
..<~......~##ß.Λ~.Z.÷ß##~~~~≈≈≈≈≈
##.~~~....~#ß./Zw#m.~~ß#..~~≈≈≈≈≈
#.~~~~...~#~/#w@wm≈#mm#~~~~≈≈≈≈≈
###.~~~~~.~#<##ZwZ>≈##:#~~~~≈≈≈≈≈
# #P.~~P~~~#÷─*Z*─mZW~}#~~~~≈≈≈≈≈
# #....~~~©#©#.≈≈≈≈m~~©#©~~~≈≈≈≈≈
###....~~~~#~~~≈≈≈≈≈≈~:#~~~~≈≈≈≈≈
P#....P÷~~~#~##≈≈≈≈≈##=#~~~≈≈≈≈≈≈
.......(..~#.~#~~~~~#~.#~~≈≈≈≈≈≈≈
##........~#ß~~~~#.~~.ß#~≈≈≈≈≈≈≈≈
#..P.÷...~##ß~~÷~÷.~ß##~≈≈≈≈≈≈≈


You could see a merfolk impaler, 3 merfolk, 4 tentacles, a spectral sea snake, 3
spectral snapping turtles, a spectral kraken and jasper's ghost.

Vanquished Creatures
  Nikola (Shoals:2)
  Jorgrun (D:14)
  Rupert (D:15)
  A kraken (Shoals:2)
  Roxanne (Shoals:2)
  Aizul (Shoals:1)
  A frost giant (Orc:1)
  Nessos (D:14)
  A dire elephant (Lair:5)
  Josephine (D:15)
  2 merfolk impalers (Shoals:2)
  An ettin (Orc:1)
  4 fire dragons
  3 ogre magi
  3 hydras
  An ice dragon (D:15)
  3 catoblepae
  2 death knights (D:10)
  8 death yaks
  3 boulder beetles
  8 centaur warriors
  2 tengu warriors
  15 two-headed ogres
  3 orc high priests (Orc:2)
  A deep troll shaman (Lair:5)
  A skyshark (Shoals:2)
  Lodul (D:14)
  4 sea snakes (Shoals:1)
  7 skeletal warriors
  An obsidian statue (Shoals:1)
  9 harpies
  5 deep elf pyromancers
  A lindwurm (Lair:3)
  A deep elf zephyrmancer (Orc:2)
  An obsidian bat (Orc:2)
  8 orc knights
  7 orc sorcerers
  17 ugly things
  10 manticores
  3 salamanders (Volcano)
  6 fauns
  16 elephants
  24 cyclopes
  A merfolk siren (Shoals:2)
  A meliai (D:10)
  5 kobold blastminers
  A water nymph (Shoals:1)
  5 black mambas
  A torpor snail (Lair:2)
  12 cane toads
  A gargoyle (D:14)
  3 rime drakes
  Maggie (D:9)
  An unseen horror (D:13)
  12 komodo dragons
  2 kobold demonologists (D:10)
  A cane toad (shapeshifter) (D:15)
  2 freezing wraiths
  A queen bee (shapeshifter) (D:14)
  5 polar bears
  2 merfolk
  A hornet (D:8)
  4 tengu conjurers
  15 blink frogs
  A wind drake (Shoals:2)
  3 trolls
  A glass eye (D:14)
  2 snapping turtles
  3 dream sheep (Shoals:2)
  8 slime creatures
  A vampire (D:9)
  12 wyverns
  A shadow (D:11)
  6 wraiths
  66 yaks
  7 fire bats (Volcano)
  4 water elementals
  A basilisk (D:8)
  16 humans (D:14)
  7 wargs
  4 steam dragons
  11 vampire mosquitoes
  Menkaure (D:7)
  An acid dragon (D:12)
  11 water moccasins
  A swamp drake (D:9)
  3 ice beasts (D:8)
  19 orc warriors
  2 sky beasts (D:6)
  10 laughing skulls
  4 black bears
  17 ogres
  14 wolves
  5 centaurs (D:13)
  A kobold brigand (D:8)
  14 bullfrogs
  7 scorpions
  2 gnoll sergeants
  5 wights
  4 killer bees
  4 electric eels
  6 howler monkeys
  A crimson imp (Orc:2)
  4 jellies
  22 orc priests
  4 hounds
  A gnoll bouda (D:9)
  An iron imp (Orc:2)
  6 iguanas
  Terence (D:1)
  Natasha (thrice) (D:2)
  30 orc wizards
  13 hell rats
  2 centaur simulacra
  Robin (D:3)
  9 gnolls
  3 adders
  2 shadow imps
  3 white imps
  3 ufetubi
  2 ribbon worms
  A dart slug (D:4)
  83 orcs
  6 bats
  6 endoplasms
  2 giant cockroaches
  14 goblins
  8 hobgoblins
  4 jackals (D:5)
  6 kobolds
  5 quokkas
  13 ball pythons
  4 frilled lizards
  4 rats
  A butterfly (Lair:3)
  7 tentacles (Shoals:2)
828 creatures vanquished.

Vanquished Creatures (collateral kills)
  An unseen horror simulacrum (D:8)
  A centaur (D:10)
  A white imp (D:8)
  2 hobgoblins (D:2)
5 creatures vanquished.

Vanquished Creatures (others)
  A deep elf knight (D:14)
  A deep elf pyromancer (D:14)
  2 hornets
  A gnoll (D:8)
  A white imp (D:8)
  A spectral weapon (D:8)
  7 tentacles (Shoals:2)
14 creatures vanquished.

Grand Total: 847 creatures vanquished

Notes
Turn   | Place    | Note
-------+----------+-------------------------------------------
     0 | D:1      | Ofeo the Coglin Artificer began the quest for the Orb.
     0 | D:1      | Reached XP level 1. HP: 15/15 MP: 1/1
    59 | D:1      | Reached skill level 1 in Dodging
    86 | D:1      | Reached skill level 1 in Stealth
    95 | D:1      | Reached XP level 2. HP: 13/21 MP: 2/2
   355 | D:1      | Reached XP level 3. HP: 18/26 MP: 3/3
   707 | D:2      | Found a transporter.
   743 | D:2      | Found Kawn's Book Shoppe.
   746 | D:2      | Found a transporter.
   803 | D:2      | Noticed Terence
  1063 | D:2      | Noticed Natasha
  1075 | D:2      | Killed Natasha
  1076 | D:2      | Reached XP level 4. HP: 25/33 MP: 4/4
  1125 | D:2      | Identified the staff of Guile {+Blink rElec rF- Str+3 Air}
  1149 | D:2      | Noticed Natasha
  1157 | D:2      | Killed Natasha
  1158 | D:2      | Reached skill level 2 in Fighting
  1204 | D:2      | Noticed Natasha
  1235 | D:1      | Killed Terence
  1236 | D:1      | Reached skill level 1 in Long Blades
  1236 | D:1      | Reached XP level 5. HP: 23/38 MP: 5/5
  1413 | D:2      | Killed Natasha
  1798 | D:2      | Found a white marble altar of Elyvilon.
  2410 | D:3      | Found a broken altar of Ashenzari.
  2729 | D:3      | Reached XP level 6. HP: 17/44 MP: 6/6
  3244 | D:3      | Noticed a black bear
  3251 | D:3      | Killed a black bear
  3735 | D:3      | Noticed Robin
  3754 | D:3      | Killed Robin
  4157 | D:3      | Reached skill level 5 in Long Blades
  4168 | D:3      | Reached XP level 7. HP: 26/50 MP: 7/7
  5089 | D:5      | Entered Level 5 of the Dungeon
  5435 | D:5      | Found a shimmering blue altar of Sif Muna.
  5683 | D:5      | Found a blossoming altar of Fedhas.
  5704 | D:5      | Reached XP level 8. HP: 56/56 MP: 8/8
  6942 | D:6      | Found a stormy altar of Qazlal.
  7139 | D:6      | Found a glowing golden altar of the Shining One.
  7346 | D:7      | Noticed Menkaure
  7350 | D:7      | Killed Menkaure
  7351 | D:7      | Reached skill level 10 in Long Blades
  7393 | D:7      | Reached XP level 9. HP: 60/61 MP: 9/9
  7527 | D:7      | Found a staircase to the Ecumenical Temple.
  7788 | Temple   | Entered the Ecumenical Temple
  7804 | Temple   | Became a worshipper of the Wu Jian Council
  7925 | D:8      | Noticed a polar bear
  8153 | D:8      | Noticed a hornet
  8155 | D:8      | Paralysed by a hornet for 2 turns
  8466 | D:8      | Killed a polar bear
  8940 | D:8      | Found a staircase to the Lair.
  8946 | D:8      | Reached XP level 10. HP: 44/67 MP: 10/10
  9189 | D:8      | Reached * piety under Wu Jian
  9190 | D:8      | HP: 3/67 [yak (10)]
  9556 | D:8      | Reached skill level 1 in Short Blades
  9976 | D:8      | Found a burning altar of Makhleb.
 10315 | D:8      | Reached skill level 5 in Short Blades
 10405 | D:8      | Reached skill level 5 in Evocations
 11005 | D:9      | Reached ** piety under Wu Jian
 11006 | D:9      | Reached skill level 3 in Fighting
 11006 | D:9      | Reached XP level 11. HP: 55/75 MP: 11/11
 11389 | D:9      | Noticed a two-headed ogre
 11399 | D:9      | Killed a two-headed ogre
 11400 | D:9      | Reached skill level 4 in Fighting
 11981 | D:9      | Noticed Maggie
 11986 | D:9      | Killed Maggie
 12184 | D:9      | Found a staircase to the Orcish Mines.
 12358 | D:10     | Entered Level 10 of the Dungeon
 12380 | D:10     | Noticed a death knight
 12380 | D:10     | Noticed a white ugly thing
 12397 | D:10     | Noticed a deep elf pyromancer
 12549 | D:9      | Identified a scroll of acquirement
 12549 | D:9      | Acquired the +8 Vampire's Tooth {megavamp}
 12549 | D:9      | Found the +8 Vampire's Tooth {megavamp}
 12569 | D:10     | Killed a deep elf pyromancer
 12577 | D:10     | Reached skill level 5 in Fighting
 12678 | D:10     | Noticed a death knight
 12696 | D:10     | Killed a death knight
 13046 | D:10     | Found a transporter.
 13052 | D:10     | Noticed an orc sorcerer
 13075 | D:10     | Killed a death knight
 13085 | D:10     | Found a transporter.
 13169 | D:10     | Noticed a centaur warrior
 13720 | Lair:1   | Entered Level 1 of the Lair of Beasts
 13739 | Lair:1   | Reached skill level 6 in Fighting
 13853 | Lair:1   | Reached XP level 12. HP: 84/88 MP: 12/12
 13945 | Lair:1   | Reached *** piety under Wu Jian
 14150 | Lair:1   | Found a dark tunnel.
 14159 | Volcano  | Entered a volcano
 14200 | Volcano  | Reached skill level 7 in Fighting
 14200 | Volcano  | Reached skill level 10 in Evocations
 14256 | Volcano  | Noticed a two-headed ogre
 14260 | Volcano  | Killed a two-headed ogre
 14276 | Volcano  | Noticed a two-headed ogre
 14289 | Volcano  | Killed a two-headed ogre
 14297 | Volcano  | Noticed a two-headed ogre
 14310 | Volcano  | Killed a two-headed ogre
 14311 | Volcano  | Reached skill level 8 in Fighting
 14311 | Volcano  | Reached skill level 10 in Short Blades
 14354 | Volcano  | Noticed a fire dragon
 14380 | Volcano  | Killed a fire dragon
 15607 | Lair:2   | Reached XP level 13. HP: 99/99 MP: 13/13
 15858 | Lair:2   | Reached skill level 9 in Fighting
 16149 | Lair:2   | Reached **** piety under Wu Jian
 16689 | Lair:3   | Found a staircase to the Shoals.
 17082 | Lair:3   | Reached skill level 10 in Fighting
 17591 | Lair:3   | Found a staircase to the Snake Pit.
 17651 | Lair:3   | Reached skill level 11 in Fighting
 17810 | Lair:3   | Reached ***** piety under Wu Jian
 18824 | Lair:4   | Reached skill level 12 in Fighting
 19120 | Lair:4   | Reached XP level 14. HP: 106/116 MP: 14/14
 19158 | Lair:4   | Reached skill level 13 in Fighting
 19897 | Lair:4   | Acquired a thermosamoflange NW-40 {Rampage Acrobat rElec
                  | Slay+3}
 19936 | Lair:5   | Entered Level 5 of the Lair of Beasts
 19976 | Lair:5   | Found a viscous altar of Jiyva.
 19976 | Lair:5   | Found a staircase to the Slime Pits.
 20338 | Lair:5   | Reached skill level 14 in Fighting
 20437 | Lair:5   | Noticed a dire elephant
 20460 | Lair:5   | Killed a dire elephant
 20584 | Lair:5   | Reached skill level 15 in Fighting
 22233 | D:10     | Reached skill level 16 in Fighting
 23040 | D:12     | Reached ****** piety under Wu Jian
 23206 | D:12     | Reached XP level 15. HP: 132/132 MP: 15/15
 23771 | D:13     | Reached skill level 17 in Fighting
 23886 | D:13     | Found the +0 pair of fencer's gloves {Riposte Dex+3}
 24861 | D:14     | Reached skill level 18 in Fighting
 24892 | D:14     | Noticed Lodul
 24949 | D:14     | Noticed Nessos
 24953 | D:14     | Killed Lodul
 24953 | D:14     | Found a gate to the Vaults.
 24954 | D:14     | Killed Nessos
 24956 | D:14     | Reached skill level 19 in Fighting
 25065 | D:14     | Noticed Jorgrun
 25073 | D:14     | Killed Jorgrun
 25549 | Orc:1    | Entered Level 1 of the Orcish Mines
 25769 | Orc:1    | Reached XP level 16. HP: 147/147 MP: 16/16
 26260 | Orc:1    | Paralysed by an orc sorcerer for 2 turns
 26352 | Orc:1    | Reached skill level 20 in Fighting
 26491 | Orc:1    | Found the +8 trident of the Octopus King {venom, rElec
                  | rPois}
 26838 | Orc:2    | Entered Level 2 of the Orcish Mines
 26838 | Orc:2    | Found a staircase to the Elven Halls.
 27142 | Orc:2    | Paralysed by an orc sorcerer for 3 turns
 27150 | Orc:2    | Found Nokko's Antique Armour Shop.
 27150 | Orc:2    | Found Cuunac's Antique Weapon Emporium.
 27155 | Orc:2    | Found Imubbuja's Antique Armour Shop.
 27155 | Orc:2    | Found Ire Tiek's General Store.
 27243 | Orc:2    | Bought a dazzling rapier for 261 gold pieces
 27243 | Orc:2    | Identified the +8 rapier of Dismay {heavy, Str+2 Dex+4}
                  | (You bought it in a shop on level 2 of the Orcish Mines)
 27250 | Orc:2    | Bought a pair of embroidered boots for 217 gold pieces
 27359 | Orc:2    | Found a roughly hewn altar of Beogh.
 28091 | D:15     | Entered Level 15 of the Dungeon
 28121 | D:15     | Found a runed translucent door.
 28136 | D:15     | Found the +3 giant club "Skullcrusher" {speed, Str+7}
 28370 | D:15     | Reached skill level 5 in Armour
 28484 | D:15     | Noticed Rupert
 28497 | D:15     | Killed Rupert
 28498 | D:15     | Reached skill level 5 in Dodging
 28912 | D:15     | Noticed Josephine
 28924 | D:15     | Killed Josephine
 29233 | D:15     | Noticed ragingrage's ghost (adept NaGl)
 29235 | D:15     | Identified the +2 trident of Karma {venom, rPois}
 29376 | D:15     | Reached XP level 17. HP: 133/156 MP: 17/17
 29376 | D:15     | Found a staircase to the Depths.
 30086 | Shoals:1 | Entered Level 1 of the Shoals
 30172 | Shoals:1 | Identified the serpent talisman of Mumblety Peg {rElec rC+
                  | rN+ Dex+2}
 30172 | Shoals:1 | Noticed Aizul
 30178 | Shoals:1 | Killed Aizul
 31147 | Shoals:2 | Noticed Nikola
 31162 | Shoals:2 | Found Olaed's Antique Weapon Emporium.
 31168 | Shoals:2 | Killed Nikola
 31337 | Shoals:2 | Noticed jasper's ghost (adept MDFi)
 31388 | Shoals:2 | Found a transporter.
 31587 | Shoals:2 | Noticed Roxanne
 31604 | Shoals:2 | Killed Roxanne
 31683 | Shoals:2 | Found a shimmering altar of Xom.
 31743 | Shoals:2 | Noticed a kraken
 31763 | Shoals:2 | Killed a kraken
 31867 | Shoals:2 | Found the ring of the Octopus King {Fly HP+2 AC+2 EV+2
                  | SH+2}
 32060 | Shoals:2 | Found a transporter.
 32076 | Shoals:2 | HP: 2/133 [merfolk/+1 glaive of draining (22)]
 32076 | Shoals:2 | Mangled by a merfolk

Illustrated notes

Levels and vault maps discovered:
D:1:      ncdulo_smallfort, layout_rooms, minmay_shallow_snake_nest
D:2:      layout_loops_ring, serial_shops, nicolae_shop_drivethru, basic_altar,
          mrwooster_statue_mirror, uniq_terence, uniq_natasha
D:3:      layout_basic, cheibrodos_ashenzari_chains, uniq_robin
D:4:      layout_rooms
D:5:      layout_layer_cave, fedhas_altar_3, old_standard_altar, chequers_garden
D:6:      layout_cave_pools, nicolae_qazlal_scattered_showers,
          mainiacjoe_overflow_alcove_4
D:7:      layout_gridville, minmay_temple_entry_poolview, uniq_menkaure
D:8:      layout_loops_ring, mainiacjoe_overflow_brackets,
          minmay_lair_entry_grove, serial_ice, serial_ice_f, serial_ice_k,
          serial_ice_n, serial_ice_g, serial_ice_c, serial_ice_d
D:9:      layout_gridville, erik_orc_1, minmay_quadrilaterals, uniq_maggie
D:10:     gammafunk_wand_slinger, layout_loops_ring, minmay_shattered_shrine
D:11:     layout_loops_cross
D:12:     layout_rooms
D:13:     layout_roguey, serial_glass, glass_columns_a, glass_columns_c,
          minmay_strange_pillars, due_unseen_surprise, unseen_surprise_small
D:14:     layout_grid_maze, david_vaults_3, onia_ninara_cookie, uniq_jorgrun
D:15:     grunt_enter_depths_hoard, layout_stronghold,
          ebering_ghost_funeral_grove, hangedman_abyss_or_decor_stagger,
          serial_column_ruins, column_ruins_hut, column_ruins_corridor_dead_end,
          column_ruins_open_tiny, column_ruins_grid_1,
          minmay_guarded_unrand_skullcrusher, uniq_josephine, uniq_rupert
Temple:   eino_temple_rhombus
Lair:1:   layout_chaotic_city, lightli_volcano_entry_magma_tube
Lair:2:   layout_cave_shapes
Lair:3:   layout_long_grid, minmay_shoals_entry_hut, dummy_snake_entry,
          grunt_megastairs_5, lemuel_fruit_fields, lemuel_fruit_fields,
          serial_bayou_shore_a, lemuel_fruit_fields
Lair:4:   layout_regular_city
Lair:5:   grunt_lair_end_beastmaster, layout_loops_ring,
          dpeg_slime_entry_enclosed, lemuel_fruit_tree
Shoals:1: layout_shoals, dpeg_stationary_puzzle, uniq_aizul
Shoals:2: layout_shoals, ebering_ghost_davey_jones, lemuel_altar_in_water,
          nicolae_shoals_c_island, uniq_roxanne, uniq_nikola
Orc:1:    giant_chief_lemuel, layout_caves
Orc:2:    grunt_orc_tribal_feast, layout_caves, basic_altar,
          hangedman_minor_magic

Skill      XL: |  1  2  3  4  5  6  7  8  9 10 11 12 13 14 15 16 17 |
---------------+----------------------------------------------------+-----
Dodging        | 1 6 8 |  8.3
Stealth        | 1 |  1.7
Armour         | 2 6 8 |  8.5
Fighting       | 2 3 6 8 12 16 19 20 | 20.5
Long Blades    | 1 3 5 7 10 12 14 | 14.0
Short Blades   | 5 7 10 11 | 11.5
Evocations     | 5 9 10 | 10.0

Action                     |  1- 3 |  4- 6 |  7- 9 | 10-12 | 13-15 | 16-18 || total
---------------------------+-------+-------+-------+-------+-------+-------++-------
  Melee: Dagger            |    76 |       |    35 |   602 |  1257 |   276 ||  2246
         Club              |    67 |       |       |       |       |       ||    67
         Long sword        |    25 |   105 |   270 |   225 |       |       ||   625
         Hand axe          |    17 |   104 |    52 |       |       |       ||   173
         Short sword       |       |       |    31 |       |       |       ||    31
         Quick blade       |       |       |       |   777 |  2526 |  1204 ||  4507
         Rapier            |       |       |       |       |       |   348 ||   348
  Throw: Dart              |       |       |     2 |       |       |       ||     2
 Invoke: Serpent's Lash    |       |       |       |     1 |     4 |     4 ||     9
Ability: Lunge             |       |       |     7 |    42 |   115 |    76 ||   240
         Whirlwind         |       |       |       |   154 |   194 |   121 ||   469
         Invent Gizmo      |       |       |       |       |     1 |       ||     1
         Wall Jump         |       |       |       |       |     1 |       ||     1
  Evoke: Wand              |     2 |       |     5 |     6 |       |       ||    13
    Use: Scroll            |       |     5 |     6 |     7 |     6 |     9 ||    33
         Potion            |       |       |     1 |     8 |     1 |     2 ||    12
   Stab: Sleeping          |     1 |       |     1 |     3 |     8 |     3 ||    16
         Distracted        |       |       |     2 |     6 |     1 |       ||     9
 Armour: Leather armour    |    91 |    18 |       |       |       |       ||   109
         Ring mail         |       |   112 |   167 |       |       |       ||   279
         Steam dragon scal |       |       |    17 |    72 |       |       ||    89
         Swamp dragon scal |       |       |       |    73 |   444 |   161 ||   678
         Robe              |       |       |       |    98 |    35 |       ||   133
         Fire dragon scale |       |       |       |       |       |   154 ||   154
  Dodge: Dodged            |    46 |    91 |   109 |   158 |   246 |   209 ||   859
Riposte: Quick blade       |       |       |       |       |    10 |    35 ||    45
         Dagger            |       |       |       |       |     9 |    13 ||    22
         Rapier            |       |       |       |       |       |    21 ||    21

Table legend: (Time is in decaauts)
 A = Elapsed time spent in this place.
 B = Non-inter-level travel time spent in this place.
 C = Inter-level travel time spent in this place.
 D = Time resting spent in this place.
 E = Time spent auto-exploring this place.
 F = Levels seen in this place.
 G = Mean time per level.
                   A        B        C        D        E       F      G
               +--------+--------+--------+--------+--------+-----+--------+
         Total |  31680 |  29671 |   2009 |   3797 |  20484 |  26 | 1218.5 |
       Dungeon |  20078 |  18667 |   1411 |   3004 |  12728 |  15 | 1338.5 |
        Temple |     32 |      1 |     31 |      0 |      0 |   1 |   32.0 |
          Lair |   6686 |   6410 |    276 |    767 |   4352 |   5 | 1337.2 |
        Shoals |   2075 |   1900 |    175 |     26 |   1580 |   2 | 1037.5 |
  Orcish Mines |   2268 |   2153 |    115 |      0 |   1539 |   2 | 1134.0 |
       Volcano |    538 |    538 |      0 |      0 |    284 |   1 |  538.0 |
               +--------+--------+--------+--------+--------+-----+--------+

Top non-repeatable levels by time:
     D:9: 2523 daAuts
     D:8: 2316 daAuts
     D:3: 2105 daAuts
  Lair:3: 2044 daAuts
    D:15: 1533 daAuts
     D:5: 1505 daAuts
     D:7: 1494 daAuts
    D:14: 1391 daAuts
    D:10: 1329 daAuts
   Orc:1: 1271 daAuts
  Lair:5: 1263 daAuts
     D:2: 1218 daAuts
  Lair:4: 1198 daAuts
  Lair:1: 1105 daAuts
  Lair:2: 1074 daAuts
